 Dungeon Crawl Stone Soup version 0.29.0-11-gd7f09526c8 (webtiles) character file.

Game seed: 15089935628660093066

85 brightshaft the Grave Robber (level 4, 0/30 HPs)
             Began as a Demonspawn Necromancer on Sept 4, 2022.
             Slain by a gnoll
             ... wielding a +0 spear
              (2 damage)
             ... on level 2 of the Dungeon.
             The game lasted 00:05:42 (1721 turns).

brightshaft the Grave Robber (DsNe)                 Turns: 1721, Time: 00:05:42

Health: 0/30       AC:  5    Str:  8    XL:     4   Next: 25%
Magic:  4/8        EV: 11    Int: 19    God:
Gold:   88         SH:  0    Dex: 13    Spells: 4/8 levels left

rFire   . . .      SeeInvis .   g - +0 spear
rCold   . . .      Faith    .   (no shield)
rNeg    . . .      Spirit   .   c - +0 leather armour
rPois   .          Reflect  .   (no helmet)
rElec   .          Harm     .   (no cloak)
rCorr   .          Rampage  .   (no gloves)
Will    .....                   (no boots)
Stlth   ++........              (no amulet)
HPRegen 0.10/turn               (no ring)
MPRegen 0.11/turn               (no ring)

@: no status effects
A: slimy green scales 1, weakness stinger 1
a: no special abilities


You were on level 2 of the Dungeon.
You visited 1 branch of the dungeon, and saw 2 of its levels.

You collected 88 gold pieces.

Inventory:

Hand Weapons
 d - a +0 mace
 g - a +0 spear (weapon)
Armour
 a - a +0 robe
 c - a +0 leather armour (worn)
 j - a +0 ring mail
Scrolls
 h - a scroll of noise {unknown}
 i - a scroll of enchant armour {unknown}
 l - a scroll of identify {unknown}
Potions
 b - a potion of magic
 e - a potion of mutation {unknown}
 f - a potion of lignification {unknown}
 k - a potion of curing {unknown}


   Skills:
 - Level 1.7 Dodging
 - Level 1.7 Stealth
 + Level 2.8 Spellcasting
 * Level 5.8 Necromancy


You had 4 spell levels left.
You knew the following spells:

 Your Spells              Type           Power      Damage    Failure   Level
a - Necrotise             Necr           96%        1d8       1%          1
b - Vampiric Draining     Necr           24%        2d7       6%          3

Your spell library contained the following spells:

 Spells                   Type           Power      Damage    Failure   Level
 Animate Dead             Necr           24%        N/A       21%         4
 Sandblast                Erth           4%         2d4       22%         1
 Agony                    Necr           24%        N/A       50%         5


Dungeon Overview and Level Annotations

Branches:
Dungeon (2/15)

Altars:


Innate Abilities, Weirdness & Mutations

You are partially covered in slimy green scales. (AC +2)
You have a small tail.


Message History

The gnoll is severely wounded.
The gnoll hits you but does no damage.
You hit the gnoll but do no damage.
The gnoll is severely wounded.
The gnoll misses you.
You hit the gnoll but do no damage.
The gnoll is severely wounded.
The gnoll hits you with a +0 flail.
* * * LOW HITPOINT WARNING * * *
You barely miss the gnoll.
Your tail-slap misses the gnoll.
The gnoll is severely wounded.
The gnoll closely misses you.
You hit the gnoll.
The gnoll is almost dead.
The gnoll barely misses you.
You hit the gnoll but do no damage. You tail-slap the gnoll.
You kill the gnoll!
You barely miss the gnoll. You tail-slap the gnoll. You punch the gnoll.
The gnoll is moderately wounded.
The gnoll closely misses you.
You barely miss the gnoll.
The gnoll is moderately wounded.
The gnoll hits you with a +0 club.
* * * LOW HITPOINT WARNING * * *
You closely miss the gnoll. You tail-slap the gnoll.
The gnoll is heavily wounded.
The gnoll closely misses you.
You hit the gnoll.
The gnoll is almost dead.
The gnoll closely misses you. The gnoll hits you with a +0 club.
* * * LOW HITPOINT WARNING * * *
You hit the gnoll but do no damage.
Your tail-slap misses the gnoll.
The gnoll is severely wounded.
The gnoll misses you.
A gnoll comes into view. It is wielding a +0 spear.
The gnoll shouts!
You hit the gnoll but do no damage.
The gnoll is severely wounded.
The gnoll hits you from afar with a +0 spear.
You die...

#...########.....<
####....).......#####
........#########
####.#..#
#.#..#######
#...........
###..#####..
##.######.?#
......g@...#
#.#######g.# #.....
##.#### #.# ..r #.#.
#


You could see 2 gnolls.

Vanquished Creatures
  2 gnolls (D:2)
  An adder (D:1)
  A worm (D:2)
  A dart slug (D:1)
  3 ball pythons
  3 endoplasms (D:1)
  2 giant cockroaches (D:1)
  A hobgoblin (D:2)
  8 jackals (D:1)
  6 quokkas
  5 bats
  5 frilled lizards
  4 kobolds
  3 rats
45 creatures vanquished.

Vanquished Creatures (collateral kills)
  A goblin (D:1)
  A hobgoblin (D:1)
2 creatures vanquished.

Vanquished Creatures (others)
  A fungus (D:1)
1 creature vanquished.

Grand Total: 48 creatures vanquished

Notes
Turn   | Place    | Note
-------+----------+-------------------------------------------
     0 | D:1      | brightshaft the Demonspawn Necromancer began the quest for
                  | the Orb.
     0 | D:1      | Reached XP level 1. HP: 13/13 MP: 3/3
   117 | D:1      | Gained mutation: You have a small tail. [demonic ancestry]
   117 | D:1      | Reached XP level 2. HP: 19/19 MP: 0/5
   338 | D:1      | Reached skill level 5 in Necromancy
   841 | D:1      | Reached XP level 3. HP: 24/24 MP: 4/6
   951 | D:1      | Learned a level 3 spell: Vampiric Draining
  1026 | D:1      | Found a faded altar of an unknown god.
  1029 | D:1      | Got Plato's Anthology of the Rocks
  1707 | D:2      | Gained mutation: You are partially covered in slimy green
                  | scales. (AC +2) [demonic ancestry]
  1707 | D:2      | Reached XP level 4. HP: 18/30 MP: 3/8
  1721 | D:2      | Slain by a gnoll

Illustrated notes

Levels and vault maps discovered:
D:1:      elethiomel_arrival_infinity_welcomes_careful_drivers, layout_basic,
          shapermc_ecumenical_altar_rom_forum
D:2:      layout_loops_ring, minmay_circle_x

Skill      XL: |  1  2 |
---------------+-------+-----
Necromancy     | 5 |  5.8
Dodging        | |  1.7
Stealth        | |  1.7
Spellcasting   | |  2.8

Action                   |  1- 3 |  4- 6 || total
-------------------------+-------+-------++-------
Melee: Unarmed           |     7 |       ||     7
       Mace              |    36 |       ||    36
       Tailslap          |    12 |     4 ||    16
       Spear             |    48 |    14 ||    62
       Punch             |     1 |     1 ||     2
 Cast: Necrotise         |    49 |     1 ||    50
 Stab: Sleeping          |     1 |       ||     1
Armor: Leather armour    |    34 |     1 ||    35
       Robe              |     1 |       ||     1
       Ring mail         |    10 |       ||    10
Dodge: Dodged            |   101 |     8 ||   109
